 Dungeon Crawl Stone Soup version 0.30-a0-596-g0af90f9a20 (webtiles) character file.

Game seed: 3085974709376427769

47 CraigOfTheCreek the Shield-Bearer (level 3, 0/23 HPs)
             Began as a Gargoyle Fighter on Jan 6, 2023.
             Killed from afar by Natasha (9 damage)
             ... with a magic dart
             ... on level 2 of the Dungeon.
             The game lasted 00:01:50 (451 turns).

CraigOfTheCreek the Shield-Bearer (Gargoyle Fighter) Turns: 451, Time: 00:01:50

Health: 0/23       AC: 11    Str: 19    XL:     3   Next: 70%
Magic:  3/3        EV:  9    Int: 10    God:
Gold:   48         SH:  4    Dex:  9    Spells: 2/2 levels left

rFire   . . .      SeeInvis .    a - +0 flail
rCold   . . .      Faith    .    c - +0 buckler
rNeg    + . .      Spirit   .    b - +0 scale mail
rPois   ∞          Reflect  .    f - +0 helmet
rElec   +          Harm     .    (no cloak)
rCorr   .          Rampage  .    (no gloves)
Will    .....                    (no boots) Stlth
                                 (no amulet)
HPRegen 0.23/turn                (no ring)
MPRegen 0.08/turn                (no ring)

@: mighty
A: sickness immunity, AC +3, negative energy resistance 1, electricity
resistance, torment resistance 1, petrification resistance
a: no special abilities


You were on level 2 of the Dungeon.
You visited 1 branch of the dungeon, and saw 2 of its levels.

You collected 48 gold pieces.

Inventory:

Hand Weapons
 a - a +0 flail (weapon)
Armour
 b - a +0 scale mail (worn)
 c - a +0 buckler (worn)
 f - a +0 helmet (worn)
Magical Staves
 e - a staff of conjuration
Potions
 g - a potion of heal wounds {unknown}


   Skills:
 + Level 3.6 Fighting
 + Level 2.7 Maces & Flails
 + Level 3.6 Armour
 + Level 0.4 Dodging
 + Level 3.8 Shields


You had 2 spell levels left.
You didn't know any spells.
Your spell library was empty.

Dungeon Overview and Level Annotations

Branches:
Dungeon (2/15)

Altars:

Annotations:
D:2 Natasha


Innate Abilities, Weirdness & Mutations

You are immune to sickness and miasma.
Your stone body is resilient. (AC +3)
You are immune to poison.
You resist negative energy. (rN+)
You are resistant to electric shocks. (rElec)
You are resistant to unholy torment.
You are immune to petrification.


Message History

Natasha, Servant of Life and Death comes into view.
Natasha hisses angrily.
Natasha casts a spell.
The endoplasm attacks as you move away! The endoplasm barely misses you.
There is an open door here.
You barely miss the white imp.
The endoplasm hits you but does no damage.
You block Natasha's attack. The white imp barely misses you.
The endoplasm hits you but does no damage.
You barely miss the white imp. Natasha claws you.
The white imp gestures at you. The puff of frost hits you.
The endoplasm freezes you.
You are frozen.
You feel very mighty all of a sudden. Natasha barely misses you.
The white imp closely misses you. The endoplasm barely misses you.
You sock the endoplasm!
You kill the endoplasm!
You block Natasha's attack. The white imp misses you.
The ball python bites you but does no damage.
You block the ball python's attack. Natasha closely misses you.
You barely miss the ball python. The white imp gestures at you.
The puff of frost hits you.
The ball python bites you but does no damage.
The ball python closely misses you.
Natasha mumbles some strange words.
You block the white imp's attack. The ball python barely misses you.
The ball python grabs you. The ball python constricts you.
You sock the ball python!
You kill the ball python!
Natasha claws you. The white imp gestures at you. The puff of frost misses you.
The puff of frost hits the rat!
The rat dies!
You see here a ball python corpse.
Natasha stares at you and mumbles some strange words.
The magic dart hits you!
You die...

######.##
#.......#
##..###..####..
... #.......#
#..###..######
#.#......#
#..$....##
######.## #@#
#h# #5# #.5.#
#.....#
#.......#
#.........#
+.........+
#.........#


You could see Natasha, a white imp (summoned) and a shadow imp (summoned).

Vanquished Creatures
  Natasha (D:2)
  A dart slug (D:1)
  A ball python (D:2)
  2 endoplasms
  A giant cockroach (D:1)
  A goblin (D:1)
  2 kobolds (D:1)
  A quokka (D:1)
  2 bats (D:1)
  2 frilled lizards (D:1)
  9 rats
23 creatures vanquished.

Vanquished Creatures (others)
  A rat (D:2)
1 creature vanquished.

Grand Total: 24 creatures vanquished

Notes
Turn   | Place    | Note
-------+----------+-------------------------------------------
     0 | D:1      | CraigOfTheCreek the Gargoyle Fighter began the quest for
                  | the Orb.
     0 | D:1      | Reached XP level 1. HP: 14/14 MP: 1/1
   101 | D:1      | Reached XP level 2. HP: 14/19 MP: 2/2
   386 | D:2      | Noticed Natasha
   393 | D:2      | Noticed a crimson imp
   394 | D:2      | Killed Natasha
   395 | D:2      | Reached XP level 3. HP: 14/23 MP: 3/3
   440 | D:2      | Noticed Natasha
   451 | D:2      | Killed from afar by Natasha

Illustrated notes

Levels and vault maps discovered:
D:1:      matt_arrival_los_fun, layout_basic, minmay_rat_gold_closets
D:2:      layout_loops_corners, uniq_natasha

Action                   || total
-------------------------++-------
Melee: Flail             ||    91
  Use: Potion            ||     1
Armor: Scale mail        ||    81
Dodge: Dodged            ||    81
Block: Buckler           ||    35

Table legend: (Time is in decaauts)
 A = Elapsed time spent in this place.
 B = Non-inter-level travel time spent in this place.
 C = Inter-level travel time spent in this place.
 D = Time resting spent in this place.
 E = Time spent auto-exploring this place.
 F = Levels seen in this place.
 G = Mean time per level.
                   A        B        C        D        E       F      G
               +--------+--------+--------+--------+--------+-----+--------+
         Total |    479 |    479 |      0 |      0 |     40 |   2 |  239.5 |
       Dungeon |    479 |    479 |      0 |      0 |     40 |   2 |  239.5 |
               +--------+--------+--------+--------+--------+-----+--------+

Top non-repeatable levels by time:
     D:1: 402 daAuts
     D:2: 77 daAuts
